 Dungeon Crawl Stone Soup version 0.15.2 (webtiles) character file.

16364 bullock the Arsonist (level 12, -5/75 HPs)
             Began as an Octopode Wizard on Nov 29, 2014.
             Was the Champion of Sif Muna.
             Slain by an unseen horror (11 damage)
             ... on Level 13 of the Dungeon.
             The game lasted 01:20:03 (19438 turns).

bullock the Arsonist (Octopode Wizard)             Turns: 19438, Time: 01:20:03

HP  -5/75        AC  6     Str  6      XL: 12   Next: 36%
MP   2/29        EV 13     Int 24      God: Sif Muna [******]
Gold 281         SH  4     Dex 12      Spells:  7 memorised, 11 levels left

rFire  . . .     SeeInvis .     u - +0 flail (protect)
rCold  . . .     Clarity  .     F - +0 buckler
rNeg   . . .     rCorr    .     b - +0 hat
rPois  .         rRot     .     (no amulet)
rElec  .         Spirit   .     (no ring)
SustAb .         Warding  .     y - ring of stealth
rMut   .         Stasis   .     (no ring)
Gourm  .                        (no ring)
MR     .....                    (no ring)
                                (no ring)
                                (no ring)
                                (no ring)

@: very slightly contaminated, repel missiles, invisible, not resistant to
hostile enchantments, stealthy
A: almost no armour, amphibious, 8 rings, constrict 8, camouflage 1, gelatinous
body 1
a: Channel Energy, Forget Spell, Renounce Religion


You were on level 13 of the Dungeon.
You worshipped Sif Muna.
Sif Muna was exalted by your worship.
You were very hungry.

You visited 1 branch of the dungeon, and saw 13 of its levels.
You visited 1 bazaar.
You also visited: Labyrinth.

You collected 698 gold pieces.
You spent 417 gold pieces at shops.

Inventory:

Hand weapons
 u - a +0 flail of protection (weapon)
Armour
 b - a +0 hat (worn)
 F - a +0 buckler (worn)
Magical devices
 d - a wand of teleportation (2)
 i - a wand of draining (3)
 l - a wand of teleportation (4)
 v - a wand of draining (4)
 A - a wand of fireball (3)
 B - a wand of draining (0)
 E - a wand of cold (13)
 K - a wand of disintegration (5)
 P - a wand of teleportation (5)
 S - a wand of paralysis (8) {unknown}
 T - a wand of magic darts (20) {unknown}
 U - a wand of random effects (12) {unknown}
Comestibles
 p - 5 meat rations
 q - 6 slices of pizza
 t - 4 chunks of minotaur flesh
 H - 17 fruits
Scrolls
 e - 3 scrolls of recharging
 f - 5 scrolls of remove curse
 g - a scroll of enchant weapon {unknown}
 k - 4 scrolls of teleportation
 D - 3 scrolls of immolation {unknown}
 L - a scroll of noise {unknown}
 N - 2 scrolls of amnesia
 O - a scroll of fear {unknown}
 V - a scroll of enchant armour {unknown}
Jewellery
 y - a ring of stealth (right tentacle)
 M - an uncursed ring of ice
Potions
 a - 2 potions of invisibility
 h - 13 potions of curing {unknown}
 j - 3 potions of cure mutation
 m - a potion of agility
 n - a potion of magic {unknown}
 o - 2 potions of restore abilities
 r - a potion of heal wounds {unknown}
 w - 2 potions of degeneration {unknown}
 x - 2 potions of beneficial mutation {unknown}
 z - 2 potions of brilliance {unknown}
 C - a potion of resistance {unknown}
Books
 c - a book of Minor Magic

   Spells                             Type                      Level
   *Magic Dart                        Conjuration                  1
   *Blink                             Translocation                2
   *Call Imp                          Summoning                    2
   *Repel Missiles                    Charms/Air                   2
   Slow                               Hexes                        2
   *Conjure Flame                     Conjuration/Fire             3
   *Mephitic Cloud                    Conjuration/Poison/Air       3
 s - a book of the Tempests

   Spells                             Type                      Level
   Static Discharge                   Conjuration/Air              3
   Lightning Bolt                     Conjuration/Air              5
   *Fireball                          Conjuration/Fire             5
   Tornado                            Air                          9
   Shatter                            Earth                        9
 G - a Necronomicon {highlevel, unknown}

   This book is beyond your current level of understanding.

   Spells                             Type                      Level
   Haunt                              Necromancy/Summoning         7
   Borgnjor's Revivification          Necromancy                   8
   Death's Door                       Charms/Necromancy            8
   Necromutation                      Transmutation/Necromancy     8
 I - Sif Muna's Incunabulum of Displacement
   (Sif Muna gifted it to you on level 11 of the Dungeon)

   Spells                             Type                      Level
   Apportation                        Translocation                1
   Control Teleport                   Charms/Translocation         4
   Passage of Golubria                Translocation                4
   Summon Forest                      Summoning/Translocation      5
   Phase Shift                        Translocation                5
 J - a book of Frost

   Spells                             Type                      Level
   Freeze                             Ice                          1
   Throw Frost                        Conjuration/Ice              2
   Ozocubu's Armour                   Charms/Ice                   3
   Throw Icicle                       Conjuration/Ice              4
   Summon Ice Beast                   Ice/Summoning                4
   Condensation Shield                Ice                          4
 R - Sif Muna's Collected Works on Confrontation
   (Sif Muna gifted it to you on level 11 of the Dungeon)

   Spells                             Type                      Level
   *Magic Dart                        Conjuration                  1
   Throw Flame                        Conjuration/Fire             2
   Searing Ray                        Conjuration                  2
   Iron Shot                          Conjuration/Earth            6
   Poison Arrow                       Conjuration/Poison           6
 W - the Disquisition on Harmful Calling
   (You found it in a labyrinth)

   Spells                             Type                      Level
   Flame Tongue                       Conjuration/Fire             1
   Call Canine Familiar               Summoning                    3
   Summon Lightning Spire             Summoning/Air                4
   Venom Bolt                         Conjuration/Poison           5
   Summon Hydra                       Summoning                    7


   Skills:
 - Level 4.3 Fighting
 - Level 4.2 Dodging
 - Level 4.0 Stealth
 - Level 2.2 Shields
 - Level 9.0 Spellcasting
 - Level 10.0 Conjurations
 - Level 1.0 Summonings
 - Level 4.6 Translocations
 * Level 11.8 Fire Magic


You had 11 spell levels left.
You knew the following spells:

 Your Spells              Type           Power        Failure   Level  Hunger
a - Magic Dart            Conj           ####         1%          1    None
e - Fireball              Conj/Fire      ######....   1%          5    ####...
f - Conjure Flame         Conj/Fire      ######..     1%          3    None
q - Blink                 Tloc           N/A          1%          2    None
r - Mephitic Cloud        Conj/Pois/Air  ####....     4%          3    None
v - Repel Missiles        Chrm/Air       ##....       12%         2    None
w - Call Imp              Summ           ###.....     8%          2    None


Dungeon Overview and Level Annotations

Branches:
Dungeon (13/15)            Temple (0/1) D:4             Orc (0/4) D:11
   Lair: D:8-11      Vaults: D:13-14

Altars:
Ashenzari
Elyvilon
Fedhas
Okawaru
Sif Muna
Vehumet
Yredelemnul

Shops:
D:11 (?


Innate Abilities, Weirdness & Mutations

You cannot wear most types of armour.
You are amphibious.
You can wear up to eight rings at the same time.
You can use your tentacles to constrict many enemies at once.
Your skin changes colour to match your surroundings (Stealth).
Your rubbery body absorbs attacks (AC +1).


Message History

The fireball explodes!
Something hits you!
* * * LOW HITPOINT WARNING * * *
Something hits you.
* * * LOW HITPOINT WARNING * * *
Drink which item? (? for menu, Esc to quit)
You fade into invisibility!
Something hits you.
* * * LOW HITPOINT WARNING * * *
You are very lightly contaminated with residual magic.
Drink which item? (? for menu, Esc to quit)
Okay, then.
Read which item? (? for menu, Esc to quit)
Blink to where?
Press: ? - help, Dir - move target cursor
As you read the scroll of blinking, it crumbles to dust.
Use which ability? (? or * to list)
You channel some magical energy.
You are feeling very hungry.
Something hits you!
You die...

.P≈≈≈≈♣PPP## #...........
.≈P≈♣♣♣≈PP≈###..∩........
#≈PPP≈♣♣♣≈≈PP≈P..########
##≈≈≈P≈≈≈≈≈≈≈≈P≈##
##...PPPP≈P♣≈≈≈#
#..)..PPPP≈PP≈.#
###....#####...# ###...#
##..## ##..# ##.@# ##.#
#### ###


There were no monsters in sight!

Vanquished Creatures
  Josephine (D:11)
  A minotaur (Lab)
  Fannar (D:11)
  Harold (D:13)
  The ghost of trelanon the Cruncher, an experienced FoFi of Makhleb (D:8)
  The ghost of Vidiiot the Covert, an experienced VSWz of Cheibriados (D:11)
  Erolcha (D:8)
  A hill giant (D:12)
  Pikel (D:7)
  A cyclops (D:11)
  2 ugly things (D:11)
  Psyche (D:11)
  2 centaur skeletons (D:11)
  A komodo dragon (D:12)
  A gargoyle (D:12)
  A troll (D:11)
  A shadow (D:11)
  5 basilisks
  A deep elf mage (D:12)
  A trapdoor spider (D:10)
  9 yaks (D:11)
  A wraith (D:11)
  A sky beast (D:7)
  A hippogriff (D:11)
  A wyvern (D:8)
  A hungry ghost (D:8)
  A hill giant skeleton (D:8)
  Edmund (D:4)
  A water moccasin (D:11)
  3 phantoms
  2 ice beasts
  A manticore zombie (D:11)
  An ogre (D:4)
  A black bear (D:9)
  4 orc warriors
  2 centaurs
  Sigmund (D:4)
  Duvessa (D:7)
  3 crocodiles
  Blork the orc (D:9)
  6 scorpions
  3 wandering mushrooms (D:8)
  11 giant frogs
  4 killer bees (D:12)
  3 wights (D:9)
  2 electric eels (D:13)
  Dowan (D:7)
  A crimson imp (D:11)
  3 quasits
  A giant frog zombie (D:8)
  A gnoll shaman (D:6)
  2 jellies
  An orc priest (D:9)
  A two-headed ogre zombie (D:13)
  A giant frog skeleton (D:6)
  4 hounds
  2 iguanas
  2 orange rats (D:6)
  12 worker ants
  6 orc wizards
  2 sky beast zombies
  A big kobold skeleton (D:11)
  A mummy (D:8)
  3 green rats (D:6)
  9 adders
  5 gnolls
  2 shadow imps
  A giant mite (D:4)
  5 worms
  A gnoll skeleton (D:6)
  2 orc skeletons
  5 giant geckos
  19 orcs
  A bat zombie (D:6)
  9 giant cockroaches
  9 goblins
  12 hobgoblins
  12 jackals
  14 kobolds
  2 quokkas
  2 ball pythons
  13 bats
  4 giant newts
  5 giant spores
  2 hobgoblin skeletons
  A hobgoblin zombie (D:6)
  40 rats
  2 rat skeletons
  18 ballistomycetes
332 creatures vanquished.

Vanquished Creatures (collateral kills)
  2 oklob saplings (D:8)
2 creatures vanquished.

Vanquished Creatures (others)
  An orc warrior (D:7)
  2 slaves (D:7)
  3 crimson imps
  An orc priest (D:7)
  An iguana (D:7)
  3 orc wizards (D:7)
  An orange rat (D:6)
  A green rat (D:6)
  4 shadow imps
  2 white imps
  2 orcs (D:7)
  A bat (D:7)
  6 giant spores
  2 rats (D:6)
  5 ballistomycetes
35 creatures vanquished.

Grand Total: 369 creatures vanquished

Notes
Turn   | Place    | Note
--------------------------------------------------------------
     0 | D:1      | bullock, the Octopode Wizard, began the quest for the Orb.
     0 | D:1      | Reached XP level 1. HP: 11/11 MP: 4/4
   547 | D:1      | Reached XP level 2. HP: 17/17 MP: 1/6
   942 | D:1      | Learned a level 2 spell: Blink
   945 | D:1      | Learned a level 2 spell: Repel Missiles
  1251 | D:2      | Reached XP level 3. HP: 14/21 MP: 0/8
  1613 | D:2      | Found a shattered altar of Ashenzari.
  2289 | D:2      | Found a deep blue altar of Sif Muna.
  2304 | D:2      | Learned a level 3 spell: Conjure Flame
  2349 | D:2      | Became a worshipper of Sif Muna the Loreminder
  2424 | D:2      | Reached XP level 4. HP: 27/27 MP: 4/9
  2761 | D:3      | Found an iron altar of Okawaru.
  3297 | D:3      | Found a shattered altar of Ashenzari.
  3680 | D:3      | Reached skill level 4 in Stealth
  3812 | D:3      | Reached XP level 5. HP: 31/31 MP: 9/11
  4028 | D:4      | Noticed an ogre
  4248 | D:4      | Noticed Edmund
  4294 | D:4      | Killed Edmund
  4294 | D:4      | Acquired Sif Muna's first power
  4294 | D:4      | Reached XP level 6. HP: 29/36 MP: 12/15
  4370 | D:4      | Found a staircase to the Ecumenical Temple.
  4421 | D:4      | Killed an ogre
  4421 | D:4      | Reached skill level 5 in Conjurations
  4675 | D:4      | Noticed Sigmund
  4690 | D:4      | Killed Sigmund
  4690 | D:4      | Reached XP level 7. HP: 41/41 MP: 12/17
  4925 | D:4      | Found a radiant altar of Vehumet.
  4937 | D:4      | Found a basalt altar of Yredelemnul.
  4938 | D:4      | Found a white marble altar of Elyvilon.
  5003 | D:4      | Learned a level 3 spell: Mephitic Cloud
  5434 | D:4      | Reached skill level 6 in Conjurations
  5727 | D:5      | Entered Level 5 of the Dungeon
  6098 | D:5      | Reached skill level 5 in Spellcasting
  6759 | D:7      | Acquired Sif Muna's second power
  6997 | D:6      | Reached XP level 8. HP: 43/46 MP: 12/20
  8674 | D:7      | Reached skill level 7 in Conjurations
  8849 | D:7      | Noticed Pikel
  8866 | D:7      | Killed Pikel
  8866 | D:7      | Reached skill level 8 in Conjurations
  8866 | D:7      | Reached XP level 9. HP: 34/51 MP: 5/24
  8994 | D:7      | Noticed Duvessa
  8996 | D:7      | Noticed Dowan
  9001 | D:7      | Killed Duvessa
  9007 | D:7      | Killed Dowan
  9158 | D:7      | Acquired Sif Muna's third power
 10613 | D:8      | Noticed Erolcha
 10634 | D:8      | Noticed trelanon's ghost (experienced FoFi)
 10635 | D:8      | Killed Erolcha
 10635 | D:8      | Reached skill level 1 in Fighting
 10635 | D:8      | Reached skill level 9 in Conjurations
 10635 | D:8      | Reached XP level 10. HP: 56/60 MP: 3/26
 10788 | D:8      | Killed trelanon's ghost
 11521 | D:8      | Noticed a wandering mushroom
 11827 | D:8      | Noticed a wandering mushroom
 11827 | D:8      | Noticed a wandering mushroom
 11827 | D:8      | Noticed a wandering mushroom
 12085 | D:8      | Killed a wandering mushroom
 12244 | D:8      | Learned a level 2 spell: Call Imp
 12338 | D:8      | Found a blossoming altar of Fedhas.
 12359 | D:8      | Killed a wandering mushroom
 12485 | D:8      | Killed a wandering mushroom
 13113 | D:9      | Learned a level 5 spell: Fireball
 13412 | D:9      | Reached skill level 1 in Fire Magic
 13652 | D:9      | Reached skill level 1 in Shields
 13861 | D:9      | Noticed Blork the orc
 13866 | D:9      | Killed Blork the orc
 14028 | D:10     | Entered Level 10 of the Dungeon
 14034 | D:10     | Reached skill level 10 in Conjurations
 14719 | D:10     | You fall through a shaft!
 14845 | D:11     | Found a flickering gateway to a bazaar.
 14845 | D:11     | Noticed Psyche
 14847 | D:11     | Noticed a brown ugly thing
 14848 | D:11     | Noticed a cyclops
 14881 | D:11     | Killed a brown ugly thing
 14881 | D:11     | Reached XP level 11. HP: 42/70 MP: 4/28
 14896 | D:11     | HP: 3/70 [cyclops/ large rock (42)]
 14903 | Bazaar   | Entered a bazaar
 15218 | Bazaar   | Found Memn's Antique Armour Shop.
 15238 | Bazaar   | Found Ponwyps' Gadget Shop.
 15291 | Bazaar   | Bought a wand of teleportation (4) for 312 gold pieces
 15332 | D:11     | Killed Psyche
 15333 | D:11     | Found Cria's Antique Weapon Boutique.
 15458 | D:11     | Killed a cyclops
 15458 | D:11     | Received a gift from Sif Muna
 15458 | D:11     | Reached skill level 5 in Fire Magic
 15459 | D:11     | Identified Sif Muna's Incunabulum of Displacement (Sif Muna gifted it to you on level 11 of the Dungeon)
 15811 | D:11     | Noticed Fannar
 15816 | D:11     | Killed Fannar
 15931 | D:11     | Noticed a brown ugly thing
 16034 | D:11     | Killed a brown ugly thing
 16326 | D:11     | Found a staircase to the Orcish Mines.
 16553 | D:11     | Noticed Josephine
 16565 | D:11     | Killed Josephine
 16681 | D:11     | Found Suwil's Magic Scroll Boutique.
 16686 | D:11     | Bought a scroll of blinking for 105 gold pieces
 16735 | D:11     | Noticed Vidiiot's ghost (experienced VSWz)
 16740 | D:11     | Killed Vidiiot's ghost
 16961 | D:11     | Received a gift from Sif Muna
 16962 | D:11     | Identified Sif Muna's Collected Works on Confrontation (Sif Muna gifted it to you on level 11 of the Dungeon)
 17014 | D:11     | Reached skill level 10 in Fire Magic
 17616 | D:12     | Found an iron altar of Okawaru.
 17676 | D:12     | Noticed a hill giant
 17686 | D:12     | Killed a hill giant
 17686 | D:12     | Reached XP level 12. HP: 67/75 MP: 2/29
 18394 | D:13     | Reached skill level 11 in Fire Magic
 18401 | D:13     | Noticed Harold
 18406 | D:13     | Killed Harold
 18574 | D:13     | Found a labyrinth entrance.
 18583 | Lab      | Entered a labyrinth
 19238 | Lab      | Noticed a minotaur
 19251 | Lab      | Killed a minotaur
 19409 | Lab      | Identified the Disquisition on Harmful Calling
 19410 | Lab      | Got an iridescent claymore
 19438 | D:13     | Slain by an unseen horror

Action                   |  1- 3 |  4- 6 |  7- 9 | 10-12 || total
-------------------------+-------+-------+-------+-------++-------
Melee: Unarmed           |     9 |    13 |       |       ||    22
       Dagger            |    24 |    25 |       |       ||    49
       Flail             |       |     5 |   119 |   113 ||   237
 Cast: Magic Dart        |    91 |    88 |   403 |   346 ||   928
       Repel Missiles    |     1 |       |     1 |     6 ||     8
       Blink             |       |     3 |     7 |    36 ||    46
       Conjure Flame     |       |     3 |    15 |    48 ||    66
       Mephitic Cloud    |       |       |    11 |    16 ||    27
       Fireball          |       |       |       |    77 ||    77
       Call Imp          |       |       |       |    15 ||    15
Invok: Channel Energy    |       |       |       |    16 ||    16
Evoke: Wand              |       |       |       |    14 ||    14
  Use: Scroll            |       |       |     1 |     9 ||    10
       Potion            |       |       |       |     1 ||     1
 Stab: Sleeping          |       |     2 |       |     1 ||     3
       Confused          |       |     1 |       |     3 ||     4
       Distracted        |       |       |       |     1 ||     1
  Eat: Chunk             |     4 |     7 |    18 |    13 ||    42
       Beef jerky        |       |       |     1 |     1 ||     2
       Fruit             |       |       |       |     3 ||     3
       Bread ration      |       |       |       |     4 ||     4
       Meat ration       |       |       |       |     1 ||     1
